 Dungeon Crawl Stone Soup version 0.32-a0-519-g08f29ac1c3 (webtiles) character file.

Game seed: 2182452942182165301

154 Syl the Ducker (level 5, -10/37 HPs)
             Began as a Human Wanderer on Feb 27, 2024.
             Killed by divine providence
             ... invoked by an orc priest
              (16 damage)
             ... on level 3 of the Dungeon on Feb 28, 2024.
             The game lasted 00:27:04 (2407 turns).

Syl the Ducker (Human Wanderer)                     Turns: 2407, Time: 00:27:04

Health: -10/37     AC:  5    Str: 13    XL:     5   Next: 36%
Magic:  7/7        EV: 12    Int: 12    God:
Gold:   133        SH:  5    Dex: 14    Spells: 7/7 levels left

rFire   . . .        a - +0 spear
rCold   . . .        (no shield)
rNeg    + . .        h - +0 ring mail
rPois   .            (no helmet)
rElec   .            (no cloak)
rCorr   .            (no gloves)
SInv    .            (no boots)
Will    .....        p - amulet of reflection
Stlth   +            l - ring of positive energy
HPRegen 0.26/turn    (no ring)
MPRegen 0.10/turn

%: reflection
@: no status effects
A: explore regen
a: Convert to Beogh


You were on level 3 of the Dungeon.
You visited 1 branch of the dungeon, and saw 3 of its levels.

You collected 133 gold pieces.

Inventory:

Hand Weapons
 a - a +0 spear (weapon)
 e - a +0 dagger
 m - a +0 sling
 s - a +0 shortbow
Missiles
 b - 4 throwing nets (quivered)
 d - 8 boomerangs
Armour
 c - a +0 leather armour
 h - a +0 ring mail (worn)
Jewellery
 l - a ring of positive energy (left hand)
 p - an amulet of reflection (around neck)
Talismans
 i - a blade talisman
Scrolls
 g - 2 scrolls of vulnerability
 j - a scroll of butterflies {unknown}
 k - a scroll of fog {unknown}
 n - 2 scrolls of identify
 o - a scroll of amnesia {unknown}
 q - 2 scrolls of teleportation {unknown}
 w - a scroll of immolation {unknown}
Potions
 f - 4 potions of attraction
 r - a potion of ambrosia {unknown}
 t - a potion of brilliance {unknown}
 u - a potion of lignification {unknown}
 v - a potion of haste {unknown}


   Skills:
 + Level 1.4 Fighting
 + Level 2.6 Polearms
 + Level 3.1 Throwing
 + Level 1.3 Armour
 + Level 4.6 Dodging
 * Level 1.8 Stealth
 + Level 0.4 Shields
 * Level 1.5 Spellcasting


You had 7 spell levels left.
You didn't know any spells.
Your spell library contained the following spells:

 Spells                   Type           Power      Damage    Failure   Level
 Foxfire                  Conj/Fire      0%         2x1d4     52%         1
 Ozocubu's Armour         Ice            0%         N/A       88%         3
 Animate Dead             Necr           0%         N/A       99%         4
 Borgnjor's Vile Clutch   Necr/Erth      0%         N/A       100%        5
 Metabolic Englaciation   Hex/Ice        0%         N/A       100%        5
 Death Channel            Necr           0%         N/A       100%        6
 Plasma Beam              Fire/Air       0%         2x1d10    100%        6
 Sculpt Simulacrum        Ice/Alch       0%         N/A       100%        6
 Starburst                Conj/Fire      0%         6d3       100%        6


Dungeon Overview and Level Annotations

Branches:
Dungeon (3/15)

Altars:


Innate Abilities, Weirdness & Mutations

You regain HP and MP as you explore.


Message History

You hit the endoplasm.
You kill the endoplasm!
You hit the goblin.
You kill the goblin!
You see here a +0 club.
Found 4 gold pieces.
You now have 133 gold pieces (gained 4).
An orc comes into view. It is wielding a +0 club.
An orc comes into view. It is wielding a +0 flail.
The orc shouts!
An orc comes into view. It is wielding a +0 dagger.
The orc shouts!
An orc priest comes into view. It is wielding a +0 trident.
You block the orc's attack.
The orc priest shouts!
You hit the orc.
The orc is heavily wounded.
The orc hits you but does no damage.
You hit the orc.
You kill the orc!
You hit the orc.
The orc is moderately wounded.
The orc hits you but does no damage.
You barely miss the orc.
The orc is moderately wounded.
The orc hits you with a +0 flail!
You closely miss the orc.
The orc is moderately wounded.
The orc hits you with a +0 flail!
The orc priest shouts, "The Pantheon deserves no one's loyalty.
Let us show you the true path!" (press Y on the ability menu to convert to Beogh) Unknown command.
The orc attacks as it pursues you! The orc barely misses you.
The orc priest calls down the wrath of Beogh upon you.
Beogh smites you!
* * * LOW HITPOINT WARNING * * *
The orc attacks as it pursues you! The orc barely misses you.
The orc priest mumbles some strange prayers to Beogh against you.
Beogh smites you!
You die...

#################################
................@.oo..o...)......
###......########################
......##.# ###....#.# ....<..#.#
###.#)...# ......##.# >......#.#
.#####.# #


You could see an orc priest and 2 orcs.

Vanquished Creatures
  A centaur (D:3)
  3 adders (D:2)
  2 dart slugs
  An orc (D:3)
  5 bats
  4 endoplasms
  2 giant cockroaches (D:2)
  4 goblins
  4 hobgoblins
  4 quokkas
  3 ball pythons
  2 frilled lizards
  3 kobolds
  3 rats
41 creatures vanquished.

Notes
Turn   | Place    | Note
-------+----------+-------------------------------------------
     0 | D:1      | Syl the Human Wanderer began the quest for the Orb.
     0 | D:1      | Syl set off with the following items: a +0 spear, 4
                  | throwing nets, a +0 leather armour, 8 boomerangs, a +0
                  | dagger, a potion of attraction.
     0 | D:1      | Reached XP level 1. HP: 15/15 MP: 1/1
   431 | D:1      | Reached XP level 2. HP: 19/21 MP: 2/2
   905 | D:2      | Reached XP level 3. HP: 22/26 MP: 3/3
  1556 | D:2      | Reached skill level 1 in Spellcasting
  1826 | D:3      | Reached XP level 4. HP: 31/32 MP: 5/5
  1858 | D:3      | Noticed a centaur
  1870 | D:3      | Killed a centaur
  1871 | D:3      | Reached skill level 1 in Armour
  1871 | D:3      | Reached XP level 5. HP: 10/37 MP: 5/7
  2407 | D:3      | Killed from afar by an orc priest

Illustrated notes

Levels and vault maps discovered:
D:1:      lemuel_arrival_lava_pool, layout_basic,
          shapermc_ecumenical_altar_mp_vishouse, minmay_misc_feat_four_crosses,
          minmay_misc_feat_more_columns, ebering_dispersal_statue_hall
D:2:      layout_loops_cross, kennysheep_donut
D:3:      layout_basic, uniq_sigmund

Skill      XL: |  1  2  3  4 |
---------------+-------------+-----
Spellcasting   | 1 |  1.5
Polearms       | 2 |  2.6
Armour         | 1 |  1.3
Fighting       | |  1.4
Throwing       | |  3.1
Dodging        | |  4.6
Stealth        | |  1.8
Shields        | |  0.4

Action                     |  1- 3 |  4- 6 || total
---------------------------+-------+-------++-------
  Melee: Spear             |   134 |    51 ||   185
    Use: Scroll            |     1 |       ||     1
 Armour: Ring mail         |    78 |    31 ||   109
  Dodge: Dodged            |    93 |    24 ||   117
  Block: Other             |    16 |     9 ||    25

Table legend: (Time is in decaauts)
 A = Elapsed time spent in this place.
 B = Non-inter-level travel time spent in this place.
 C = Inter-level travel time spent in this place.
 D = Time resting spent in this place.
 E = Time spent auto-exploring this place.
 F = Levels seen in this place.
 G = Mean time per level.
                   A        B        C        D        E       F      G
               +--------+--------+--------+--------+--------+-----+--------+
         Total |   2410 |    969 |   1441 |    344 |     84 |   3 |  803.3 |
       Dungeon |   2410 |    969 |   1441 |    344 |     84 |   3 |  803.3 |
               +--------+--------+--------+--------+--------+-----+--------+

Top non-repeatable levels by time:
     D:2: 988 daAuts
     D:1: 731 daAuts
     D:3: 689 daAuts
